Map: Dusk Towers

Players

llllllllllll - Winner!

  • Race: Terran Terran
  • League: Diamond

LilDicky

  • Race: Terran Terran
  • League: Diamond

VOD

http://www.twitch.tv/tumescentpie

Description

Time

  • Played on: Nov. 27, 2015, 11:52 a.m.
  • Length: 4:37
Show
View Real Time Build Order
Export as new Build Order

llllllllllll Terran - Winner!

Build Orders:  

Get SALT Encoding   

  12  0:00  SCV  
  13  0:13  SCV  
  14  0:19  Supply Depot  
  14  0:25  SCV  
  15  0:30  Refinery  
  15  0:41  SCV  
  16  0:46  Barracks  
  16  0:53  SCV  
  17  1:01  Supply Depot  
  17  1:05  SCV  
  18  1:17  SCV  
  19  1:38  Factory  
  19  1:39  Orbital Command  
  19  1:40  Marine  
  20  1:58  Marine  
  21  2:15  SCV  
  22  2:16  Marine  
  23  2:25  Refinery  
  23  2:26  Armory  
  23  2:28  SCV  
  24  2:33  Marine  
  24  2:35  Supply Depot  
  25  2:41  SCV  
  25  2:42  Factory Tech Lab  
  26  2:47  Supply Depot  
  26  2:51  Marine  
  26  2:53  SCV  
  29  3:09  Marine  
  29  3:10  Engineering Bay  
  29  3:12  Thor  
  29  3:14  SCV  
  36  3:27  Marine  
  37  3:35  SCV  
  38  3:43  Missile Turret  
  38  3:45  Marine  
  38  3:47  SCV  
  46  4:02  Marine  
Show
View Real Time Build Order
Export as new Build Order

LilDicky Terran 

Build Orders:  

Get SALT Encoding   

  12  0:01  SCV  
  13  0:13  SCV  
  14  0:20  Supply Depot  
  14  0:25  SCV  
  15  0:41  Refinery  
  15  0:42  SCV  
  16  0:44  Barracks  
  16  0:54  SCV  
  17  1:06  SCV  
  18  1:18  SCV  
  19  1:32  Supply Depot  
  19  1:35  Orbital Command  
  19  1:36  Reaper  
  20  1:51  Refinery  
  20  1:55  Supply Depot  
  20  2:06  SCV  
  20  2:07  Factory  
  20  2:09  Marine  
  21  2:21  SCV  
  22  2:27  Marine  
  23  2:33  SCV  
  23  2:45  Marine  
  24  2:54  SCV, Starport  
  25  3:00  Supply Depot  
  25  3:02  Marine  
  26  3:06  SCV  
  26  3:08  Factory Tech Lab  
  27  3:18  SCV  
  28  3:20  Marine  
  28  3:25  Command Center  
  29  3:30  SCV  
  30  3:38  Engineering Bay, Marine  
  33  3:45  Banshee  
  34  3:49  Widow Mine  
  34  3:53  SCV  
  37  4:00  Marine  
  38  4:05  SCV  
  39  4:11  Missile Turret  
Tags
 
Add a new tag
Caveats
  • Supply blocks, unpowered buildings, or Contaminate may cause inaccurate times.
  • Supply counts are checked every 10 seconds.